 Dungeon Crawl Stone Soup version 0.25.1-2-g60ff931df9 (webtiles) character file.

Game seed: 7118821688847486058

207065 1994 the Peltast (level 18, -9/140 HPs)
             Began as a Demonspawn Gladiator on Oct 14, 2020.
             Was the Champion of Kikubaaqudgha.
             Collided with a rock wall (13 damage)
             ... caused by a merfolk aquamancer
             ... on level 4 of the Shoals.
             The game lasted 02:26:49 (50642 turns).

1994 the Peltast (Demonspawn Gladiator)            Turns: 50642, Time: 02:26:50

Health: -9/140     AC: 25    Str: 19    XL:     18   Next: 8%
Magic:  0/28       EV: 13    Int: 16    God:    Kikubaaqudgha [******]
Gold:   1610       SH: 14    Dex: 20    Spells: 5/30 levels left

rFire    + . .     SeeInvis .   a - +12 demon whip "Ikierub" {vamp, +Rage rElec rN+}
rCold    + . .     Gourm    .   u - +0 kite shield (curse)
rNeg     + . .     Faith    .   O - +2 chain mail {rC+}
rPois    +         Spirit   +   (helmet unavailable)
rElec    +         Reflect  .   v - +0 cloak {rPois}
rCorr    .         Harm     .   Z - +2 pair of gloves
MR       ++...                  i - +1 pair of boots
Stlth    +.........             C - amulet "Pughaom" {RegenMP rF+ Dex+4 Stlth+}
HPRegen  0.33/turn              D - ring of protection from magic
MPRegen  0.67/turn              S - ring of Wynut {*Drain rPois AC+4 Str+4}

@: very slightly contaminated, very slow
A: horns 3, demonic guardian 1, magic shield, magic regeneration, magic link,
sturdy frame 2
}: 1/15 runes: serpentine
a: Receive Corpses, Torment, Renounce Religion, Evoke Berserk Rage


You were on level 4 of the Shoals.
You worshipped Kikubaaqudgha.
Kikubaaqudgha was exalted by your worship.
You were near starving.

You visited 6 branches of the dungeon, and saw 32 of its levels.

You collected 3181 gold pieces.
You spent 1571 gold pieces at shops.

Inventory:

Hand Weapons
 a - the +12 demon whip "Ikierub" (weapon) {vamp, +Rage rElec rN+}
   (You acquired it on level 13 of the Dungeon)

   It inflicts no extra harm, but heals its wielder when it wounds a living foe.
   It insulates you from electricity.
   It protects you from negative energy.
   It lets you go berserk.
 b - the +5 eveningstar "Goyten" {vorpal, +Blink MR+ Int+4}
   (You acquired it on level 1 of the Shoals)

   It inflicts extra damage upon your enemies.
   It affects your intelligence (+4).
   It affects your resistance to hostile enchantments.
   It lets you blink.
 o - a +0 demon whip of electrocution
Missiles
 d - 14 throwing nets (quivered)
 e - 6 curare-tipped darts
Armour
 i - a +1 pair of boots (worn)
 u - a cursed +0 kite shield (worn)
 v - a +0 cloak of poison resistance (worn)
 N - a scarf of harm
 O - a +2 chain mail of cold resistance (worn)
 Z - a +2 pair of gloves (worn)
Magical Staves
 X - an uncursed staff of earth
Jewellery
 k - an uncursed ring of positive energy
 s - the ring "Kafoan" {+Inv +Fly rC+ Str+4 Int-2}
   (You found it on level 5 of the Lair of Beasts)

   [ring of flight]

   It affects your strength (+4).
   It affects your intelligence (-2).
   It protects you from cold.
   It lets you turn invisible.
   It lets you fly.
 C - the amulet "Pughaom" (around neck) {RegenMP rF+ Dex+4 Stlth+}
   (You found it on level 11 of the Dungeon)

   [amulet of magic regeneration]

   It increases your magic regeneration.
   It affects your dexterity (+4).
   It protects you from fire.
   It makes you more stealthy.
 D - a ring of protection from magic (left hand)
 J - an uncursed ring of fire
 K - a +4 ring of evasion
 S - the ring of Wynut (right hand) {*Drain rPois AC+4 Str+4}
   (You found it on level 14 of the Dungeon)

   [ring of protection]

   It affects your AC (+4).
   It affects your strength (+4).
   It protects you from poison.
   It causes draining when unequipped.
Wands
 r - a wand of paralysis (8)
 t - a wand of flame (33)
 E - a wand of digging (4)
 H - a wand of iceblast (47)
 U - a wand of polymorph (14)
Scrolls
 g - 5 scrolls of immolation
 l - 6 scrolls of fog
 w - 6 scrolls of remove curse
 x - a scroll of magic mapping
 y - 4 scrolls of identify
 F - a scroll of vulnerability {unknown}
 I - 6 scrolls of teleportation
 L - a scroll of silence {unknown}
 R - a scroll of torment {unknown}
 T - 2 scrolls of blinking
 V - a scroll of summoning
Potions
 c - 9 potions of curing
 j - 3 potions of brilliance
 p - 8 potions of heal wounds
 q - 10 potions of flight
 z - 2 potions of cancellation
 A - 2 potions of berserk rage
 B - 6 potions of lignification
 G - 4 potions of might
 M - 3 potions of invisibility
 P - a potion of ambrosia
 Q - 2 potions of resistance
 W - 2 potions of magic
 Y - a potion of haste
Miscellaneous
 m - a phial of floods
Comestibles
 f - 45 rations
 n - 2 chunks of flesh


   Skills:
 + Level 12.2 Fighting
 * Level 12.7 Maces & Flails
 - Level 1.7 Throwing
 * Level 11.8 Armour
 - Level 5.1 Dodging
 - Level 15.0 Shields
 + Level 6.7 Spellcasting
 - Level 11.0 Necromancy
 - Level 7.0 Translocations
 - Level 4.0 Transmutations
 - Level 4.5 Air Magic
 - Level 8.0 Earth Magic
 - Level 4.8 Poison Magic


You had 5 spell levels left.
You knew the following spells:

 Your Spells              Type           Power        Failure   Level  Hunger
a - Pain                  Necr           ####         1%          1    None
b - Vampiric Draining     Necr           #####.....   1%          3    ##.....
c - Poisonous Vapours     Pois/Air       ###...       8%          2    None
d - Apportation           Tloc           ####..       1%          1    None
e - Summon Butterflies    Summ           #.......     34%         1    None
f - Borgnjor's Vile Clut  Necr/Erth      #####.....   21%         5    #####..
g - Animate Dead          Necr           N/A          3%          4    ####...
h - Passwall              Tmut/Erth      ###.....     4%          2    None
i - Blink                 Tloc           N/A          3%          2    None
j - Passage of Golubria   Tloc           N/A          21%         4    ####...

Your spell library contained the following spells:

 Spells                   Type           Power        Failure   Level  Hunger
 Animate Skeleton         Necr           N/A          1%          1    None
 Sublimation of Blood     Necr           #####.....   1%          2    None
 Corpse Rot               Necr/Air       N/A          2%          2    None
 Dispel Undead            Necr           #####...     3%          4    ####...
 Gell's Gravitas          Tloc           ####......   6%          3    ##.....
 Lesser Beckoning         Tloc           ####......   6%          3    ##.....
 Teleport Other           Tloc           ####....     6%          3    ##.....
 Agony                    Necr           #####...     11%         5    #####..
 Shroud of Golubria       Chrm/Tloc      ###...       13%         2    None
 Stone Arrow              Conj/Erth      ###...       21%         3    ##.....
 Swiftness                Chrm/Air       ##......     22%         2    None
 Portal Projectile        Hex/Tloc       ###...       26%         3    ##.....
 Mephitic Cloud           Conj/Pois/Air  ###.....     30%         3    ##.....
 Corona                   Hex            #......      34%         1    None
 Lee's Rapid Deconstruct  Erth           ####......   36%         5    #####..
 Static Discharge         Conj/Air       ##......     38%         3    ##.....
 Slow                     Hex            #.......     47%         2    None
 Leda's Liquefaction      Hex/Erth       ###.......   56%         4    ####...
 Conjure Flame            Conj/Fire      #.......     71%         3    ##.....
 Inner Flame              Hex/Fire       #.......     71%         3    ##.....
 Tukima's Dance           Hex            #.......     71%         3    ##.....
 Excruciating Wounds      Chrm/Necr      ###.......   71%         5    #####..
 Alistair's Intoxication  Tmut/Pois      ###.....     85%         5    #####..
 Bolt of Magma            Conj/Fire/Erth ##........   97%         5    #####..
 Cause Fear               Hex            #.........   98%         4    ####...
 Lightning Bolt           Conj/Air       ##........   98%         5    #####..
 Silence                  Hex/Air        ##........   98%         5    #####..
 Yara's Violent Unravell  Hex/Tmut       ##........   99%         5    #####..
 Simulacrum               Ice/Necr       ###.......   99%         6    #######
 Statue Form              Tmut/Erth      ###......    99%         6    #######
 Darkness                 Hex            #.........   100%        6    #######
 Freezing Cloud           Conj/Ice/Air   ##........   100%        6    #######
 Invisibility             Hex            #.......     100%        6    #######
 Ring of Flames           Chrm/Fire      #.........   100%        7    #######
 Discord                  Hex            #.........   100%        8    #######
 Ignition                 Fire           #.........   100%        8    #######
 Shatter                  Erth           ####......   100%        9    #######
 Tornado                  Air            ###.......   100%        9    #######


Dungeon Overview and Level Annotations

Branches:
Dungeon (15/15)            Temple (1/1) D:4            Lair (6/6) D:9
 Shoals (4/4) Lair:2        Snake (4/4) Lair:2        Slime (0/5) Lair:6
    Orc (2/2) D:10            Elf (0/3) Orc:2        Vaults (0/5) D:13
 Depths (0/5) D:15

Altars:
Ashenzari
Cheibriados
Dithmenos
Elyvilon
Fedhas
Gozag
Hepliaklqana
Kikubaaqudgha
Makhleb
Nemelex Xobeh
Okawaru
Qazlal
Ru
Sif Muna
Trog
Uskayaw
Vehumet
Wu Jian
Xom
Yredelemnul
Zin
The Shining One
Jiyva

Shops:
D:4 [   D:13 %*=:*   Orc:2 **%:   Shoals:3 (   Snake:3 %((

Portals:
Trove: D:14 (give +3 storm dragon scales)

Annotations:
Lair:6 1 runed translucent door
Snake:3 1 transporter


Innate Abilities, Weirdness & Mutations

You have a pair of large horns on your head.
A weak demonic guardian rushes to your aid.
When hurt, damage is shared between your health and your magic reserves.
You regenerate magic rapidly.
When low on magic, you restore magic in place of health.
Your movements are less encumbered by armour. (ER -4)


Message History

The merfolk javelineer throws a silver javelin.
The silver javelin pierces through you!
* * * LOW HITPOINT WARNING * * *
The silver sears you!
* * * LOW HITPOINT WARNING * * *
You hear a splash.
The wind drake flaps its wings at you. The air twists around and strikes you!
* * * LOW HITPOINT WARNING * * *
You see here a silver javelin.
Unknown command.
Unknown command.
You feel much better.
The merfolk aquamancer casts a spell at you.
The torrent of water hits you!!
* * * LOW HITPOINT WARNING * * *
You are knocked back by the torrent of water.
You slam into the rock wall!
You die...
Kikubaaqudgha rasps: "You have failed me!
Welcome... death!"

≈≈≈≈≈≈≈≈≈≈≈≈≈≈.###..≈≈≈≈.###.#.?≈
≈≈≈≈≈≈≈≈≈≈≈≈≈≈..##..≈≈≈≈.######..
≈≈≈≈≈≈≈≈≈≈≈≈≈≈≈....≈≈≈≈...### #..
≈≈≈≈≈≈m≈≈≈≈≈km≈≈...≈≈≈......###÷.
≈≈≈≈≈≈≈mm.≈k≈mm≈≈≈≈≈≈≈≈≈..≈..÷...
≈≈≈≈≈≈k.#####§≈≈≈≈≈≈≈≈≈≈≈≈≈≈..≈≈≈
≈≈≈≈≈≈.## ##m§(≈≈≈≈≈≈≈...≈≈.≈≈≈
≈≈≈≈≈m.# #§§≈≈≈≈≈≈≈.....≈....
≈≈≈≈≈≈≈†kmφ≈≈#≈≈@..≈≈≈≈≈≈≈≈≈≈≈≈..
≈≈≈≈≈≈≈#m≈≈≈≈#≈m<###≈≈≈≈≈≈≈≈≈≈≈..
≈≈≈≈≈≈≈##≈≈≈##≈≈..##≈≈≈≈≈≈≈≈≈≈≈≈≈
≈≈≈≈≈≈≈≈ ####≈≈≈≈.(..≈≈≈≈≈≈≈≈≈≈≈≈
≈≈≈≈≈≈≈≈≈≈≈≈≈≈≈≈≈≈≈≈≈≈≈≈≈≈≈≈≈≈≈≈≈
≈≈≈≈≈≈≈≈≈≈≈≈≈≈≈≈≈≈≈≈≈≈≈≈≈≈≈≈≈≈≈≈≈
≈≈≈≈≈≈≈≈≈≈≈≈≈≈≈≈...≈≈≈≈≈≈≈≈≈≈...≈
≈≈≈≈≈≈.....≈≈≈≈≈≈≈.###..
≈≈≈≈≈≈.....≈≈≈≈≈≈≈.# ##.


You could see 2 merfolk impalers, a merfolk javelineer, a merfolk aquamancer, a
wind drake (repels missiles) and a merfolk.

Vanquished Creatures
  Vashnia (Snake:3)
  Jorgrun (D:14)
  Roxanne (D:14)
  Kirke (Snake:2)
  6 nagarajas
  The ghost of Fypruffa the Warrior, a journeyman MiMo of Okawaru (Shoals:3)
  An orc warlord (Orc:2)
  A stone giant (Orc:2)
  3 merfolk impalers
  Harold (D:8)
  4 hydras
  2 rakshasas (D:14)
  11 naga warriors
  6 satyrs
  3 catoblepae
  A death knight (D:13)
  3 centaur warriors
  4 anacondas
  2 merfolk aquamancers
  An alligator snapping turtle (Shoals:3)
  15 death yaks
  2 ogre magi (Orc:2)
  11 two-headed ogres
  3 merfolk avatars
  The ghost of Amplified the Fighter, a novice DsIE of Vehumet (D:9)
  A dancing weapon (D:9)
  5 shock serpents
  Urug (Lair:5)
  12 naga sharpshooters
  A salamander mystic (Snake:4)
  2 deep trolls (Orc:2)
  12 sea snakes
  An unseen horror (D:13)
  5 naga ritualists
  A wizard (D:13)
  2 orc knights (Orc:2)
  8 harpies
  A phantasmal warrior (D:13)
  A necromancer (D:15)
  3 deep elf magi
  5 mana vipers
  Pikel (D:8)
  13 ugly things
  5 orc sorcerers
  An orb spider (shapeshifter) (D:15)
  2 statues (D:15)
  8 cyclopes
  16 fauns
  8 salamanders
  9 elephants
  10 manticores
  7 merfolk sirens
  Maurice (D:10)
  4 water nymphs
  37 black mambas
  3 guardian serpents
  18 naga magi
  A gargoyle (D:13)
  2 rime drakes
  7 spiny frogs
  2 torpor snails (Lair:5)
  An efreet (D:14)
  5 komodo dragons
  A yaktaur (D:15)
  A freezing wraith (D:13)
  2 kobold demonologists
  12 trolls
  A polar bear (Lair:5)
  16 merfolk
  7 blink frogs
  4 slime creatures (D:13)
  3 wind drakes
  13 hippogriffs
  10 dream sheep
  5 snapping turtles
  5 water elementals
  6 wraiths
  A spriggan (D:7)
  2 shadows
  3 wyverns
  A vampire (D:13)
  57 yaks
  3 hungry ghosts
  6 humans (Snake:2)
  A hog (Snake:2)
  A basilisk (Lair:2)
  5 wargs
  50 nagas
  A soldier ant (D:14)
  3 acid dragons
  11 water moccasins
  8 porcupines
  2 black bears
  4 ice beasts
  25 orc warriors
  4 sky beasts
  A hornet zombie (D:12)
  An eye of draining (D:13)
  2 slaves (D:8)
  25 ogres
  11 wolves
  19 centaurs
  A phantom (D:7)
  9 crocodiles
  6 big kobolds
  2 gnoll sergeants (D:10)
  17 bullfrogs
  2 wyvern zombies (D:14)
  A wyvern skeleton (D:9)
  7 scorpions
  11 killer bees
  2 wights (D:7)
  3 electric eels (D:15)
  9 crimson imps
  5 centaur zombies
  Crazy Yiuf (D:2)
  2 bullfrog zombies
  9 hounds
  7 centaur skeletons
  A jelly (D:5)
  17 orc priests
  2 iguanas
  28 orc wizards
  10 worker ants
  A killer bee zombie (D:8)
  A worker ant zombie (D:8)
  A howler monkey skeleton (D:11)
  11 gnolls
  13 adders
  5 shadow imps
  2 oozes (D:1)
  2 adder zombies
  2 dart slugs (D:2)
  5 leopard geckos
  107 orcs
  8 bats
  3 giant cockroaches
  9 goblins
  12 hobgoblins
  9 jackals
  19 kobolds
  5 quokkas
  3 frilled lizards
  A leopard gecko zombie (D:5)
  9 rats
  3 bushes (D:15)
  A fungus (D:2)
1025 creatures vanquished.

Vanquished Creatures (collateral kills)
  Josephine (D:15)
  A naga warrior (Snake:4)
  2 shock serpents
  2 naga sharpshooters
  A wizard (D:15)
  A harpy (Shoals:2)
  An orc knight (D:15)
  A manticore (Shoals:1)
  A cyclops (D:12)
  2 fauns
  A salamander (Snake:3)
  2 ugly things (D:14)
  A black mamba (Snake:4)
  A water nymph (Shoals:3)
  2 centaur zombies
  An elephant (Lair:6)
  4 naga magi (Snake:4)
  A komodo dragon (Lair:4)
  2 trolls (D:12)
  A blink frog (Lair:4)
  A harpy skeleton (D:14)
  A hippogriff (Lair:3)
  A water elemental (Shoals:2)
  2 yaks
  Grum (D:8)
  4 nagas (Snake:4)
  A warg (D:9)
  A soldier ant (D:14)
  A water moccasin (Lair:3)
  2 sky beasts
  2 orc warriors
  3 ogres
  A centaur (D:3)
  3 bullfrogs
  A scorpion (D:4)
  A killer bee (D:8)
  A crimson imp (D:10)
  A jelly (D:6)
  A worker ant (D:12)
  A gnoll (D:10)
  An adder (D:5)
  3 orcs
63 creatures vanquished.

Vanquished Creatures (others)
  A naga mage (Snake:3)
  An acid dragon (D:15)
  2 slaves (D:8)
  An orc (Orc:2)
  20 fungi
  11 plants
36 creatures vanquished.

Grand Total: 1124 creatures vanquished

Notes
Turn   | Place    | Note
-------+----------+-------------------------------------------
     0 | D:1      | 1994 the Demonspawn Gladiator began the quest for the Orb.
     0 | D:1      | Reached XP level 1. HP: 16/16 MP: 1/1
   172 | D:1      | Gained mutation: When hurt, damage is shared between your
                  | health and your magic reserves. [demonic ancestry]
   172 | D:1      | Reached XP level 2. HP: 20/22 MP: 2/2
   536 | D:1      | Gained mutation: You have a pair of small horns on your
                  | head. [demonic ancestry]
   536 | D:1      | Reached XP level 3. HP: 26/28 MP: 1/3
  1112 | D:2      | Found an opulent altar of Gozag.
  1320 | D:2      | Gained mutation: You have a pair of horns on your head.
                  | [demonic ancestry]
  1320 | D:2      | Reached XP level 4. HP: 34/34 MP: 4/4
  1330 | D:2      | Found a sparkling altar of Nemelex Xobeh.
  1386 | D:2      | Found a runed translucent door.
  1387 | D:2      | Noticed Crazy Yiuf
  2184 | D:2      | Found a blossoming altar of Fedhas.
  2197 | D:2      | Gained mutation: A weak demonic guardian rushes to your
                  | aid. [demonic ancestry]
  2197 | D:2      | Reached XP level 5. HP: 41/41 MP: 5/5
  2667 | D:3      | Noticed a centaur
  2674 | D:3      | Killed a centaur
  2890 | D:3      | Reached skill level 5 in Maces & Flails
  2973 | D:3      | You fall into a shaft and drop 2 floors!
  2973 | D:5      | Entered Level 5 of the Dungeon
  3061 | D:5      | Gained mutation: You regenerate magic rapidly. [demonic
                  | ancestry]
  3061 | D:5      | Reached XP level 6. HP: 48/48 MP: 6/6
  3088 | D:4      | Found Gontasyrch's Antique Armour Emporium.
  3261 | D:3      | Found an ancient bone altar of Kikubaaqudgha.
  3299 | D:3      | Became a worshipper of Kikubaaqudgha
  3528 | D:4      | Found a transporter.
  3752 | D:4      | Found a transporter.
  3763 | D:4      | Reached XP level 7. HP: 54/55 MP: 7/7
  3916 | D:4      | Found a staircase to the Ecumenical Temple.
  3997 | Temple   | Entered the Ecumenical Temple
  4716 | D:4      | Reached skill level 5 in Fighting
  4919 | D:5      | Reached * piety under Kikubaaqudgha
  4919 | D:5      | Identified Kikubaaqudgha's Guide on Evil (Kikubaaqudgha
                  | gifted it to you on level 5 of the Dungeon)
  4919 | D:5      | Received a gift from Kikubaaqudgha
  5494 | D:5      | Reached XP level 8. HP: 51/63 MP: 5/8
  5556 | D:5      | Learned a level 1 spell: Pain
  5573 | D:6      | Reached skill level 1 in Necromancy
  5679 | D:6      | Reached skill level 1 in Spellcasting
  6018 | D:6      | Found a white marble altar of Elyvilon.
  6418 | D:5      | Reached ** piety under Kikubaaqudgha
  6783 | D:7      | Reached XP level 9. HP: 53/71 MP: 8/13
  7130 | D:7      | Found a snail-covered altar of Cheibriados.
  7339 | D:7      | Reached skill level 5 in Necromancy
  8755 | D:8      | Learned a level 3 spell: Vampiric Draining
  8799 | D:8      | Noticed Grum
  8804 | D:8      | Killed Grum
  9682 | D:8      | Reached *** piety under Kikubaaqudgha
  9682 | D:8      | Identified Kikubaaqudgha's Compendium of Evil Rituals
                  | (Kikubaaqudgha gifted it to you on level 8 of the Dungeon)
  9682 | D:8      | Received a gift from Kikubaaqudgha
  9763 | D:8      | Found a stormy altar of Qazlal.
  9811 | D:8      | Found a basalt altar of Yredelemnul.
  9903 | D:8      | Gained mutation: You have a pair of large horns on your
                  | head. [demonic ancestry]
  9903 | D:8      | Reached XP level 10. HP: 72/79 MP: 14/16
  9958 | D:8      | Learned a level 5 spell: Borgnjor's Vile Clutch
 10015 | D:8      | Noticed Harold
 10590 | D:9      | Found a runed translucent door.
 10590 | D:9      | Found a shimmering altar of Xom.
 10590 | D:9      | Noticed a +1 morningstar of chaos
 10590 | D:9      | Noticed Amplified's ghost (novice DsIE)
 10752 | D:9      | Found a staircase to the Lair.
 10833 | D:9      | Reached **** piety under Kikubaaqudgha
 10999 | D:9      | Noticed a two-headed ogre
 11022 | D:9      | Killed a two-headed ogre
 11022 | D:9      | Reached skill level 1 in Armour
 11022 | D:9      | Reached skill level 1 in Earth Magic
 11117 | D:9      | Found an opulent altar of Gozag.
 11259 | D:10     | Entered Level 10 of the Dungeon
 11861 | D:10     | Noticed Maurice
 11883 | D:10     | Killed Maurice
 12196 | D:10     | Gained mutation: When low on magic, you restore magic in
                  | place of health. [demonic ancestry]
 12196 | D:10     | Reached XP level 11. HP: 68/87 MP: 15/17
 12529 | D:10     | Learned a level 1 spell: Apportation
 12536 | D:10     | Learned a level 1 spell: Summon Butterflies
 12539 | D:10     | Learned a level 2 spell: Poisonous Vapours
 12716 | D:10     | Found a staircase to the Orcish Mines.
 12742 | D:10     | Reached ***** piety under Kikubaaqudgha
 13389 | D:9      | Reached skill level 1 in Air Magic
 13389 | D:9      | Reached skill level 1 in Poison Magic
 14059 | D:10     | Found a shimmering altar of Xom.
 14904 | D:11     | Got a scintillating amethyst amulet
 15524 | D:11     | Noticed a six-headed hydra
 15564 | D:11     | Killed a six-headed hydra
 15964 | D:11     | Noticed a purple ugly thing
 15973 | D:11     | Killed a purple ugly thing
 16190 | Lair:1   | Entered Level 1 of the Lair of Beasts
 17162 | Lair:1   | Reached skill level 5 in Armour
 17162 | Lair:1   | Reached skill level 5 in Earth Magic
 18057 | Lair:2   | Found a staircase to the Snake Pit.
 18203 | Lair:2   | Found a staircase to the Shoals.
 18208 | Lair:2   | Reached XP level 12. HP: 83/95 MP: 12/18
 20010 | Lair:3   | Reached skill level 5 in Dodging
 20504 | Lair:3   | Noticed a seven-headed hydra
 20528 | Lair:3   | Reached skill level 10 in Maces & Flails
 20555 | Lair:3   | Killed a seven-headed hydra
 21741 | Lair:4   | Noticed a death yak
 21743 | Lair:4   | Noticed a death yak
 21750 | Lair:4   | Noticed a death yak
 21751 | Lair:4   | Noticed a death yak
 21752 | Lair:4   | Noticed a death yak
 21786 | Lair:3   | Killed a death yak
 21898 | Lair:2   | Killed a death yak
 21898 | Lair:2   | Reached ****** piety under Kikubaaqudgha
 21898 | Lair:2   | Reached skill level 5 in Spellcasting
 21900 | Lair:2   | Identified a +2 whip of pain (a +0 whip bloodied by
                  | Kikubaaqudgha)
 21900 | Lair:2   | Received a gift from Kikubaaqudgha
 21918 | Lair:2   | Identified the amulet "Pughaom" {RegenMP rF+ Dex+4 Stlth+}
                  | (You found it on level 11 of the Dungeon)
 22276 | Lair:2   | Killed a death yak
 22504 | Lair:4   | Reached skill level 10 in Necromancy
 22570 | Lair:4   | Reached skill level 1 in Shields
 23136 | Lair:4   | Killed a death yak
 23136 | Lair:4   | Reached skill level 2 in Shields
 23149 | Lair:4   | Killed a death yak
 23262 | Lair:4   | Reached skill level 3 in Shields
 23587 | Lair:5   | Gained mutation: Your movements are slightly less
                  | encumbered by armour. (ER -2) [demonic ancestry]
 23587 | Lair:5   | Reached XP level 13. HP: 101/101 MP: 20/20
 23588 | Lair:5   | Got a warped golden ring
 23628 | Lair:5   | Identified the ring "Kafoan" {+Inv +Fly rC+ Str+4 Int-2}
                  | (You found it on level 5 of the Lair of Beasts)
 23892 | Lair:5   | Noticed Urug
 23911 | Lair:5   | Killed Urug
 23911 | Lair:5   | Reached skill level 4 in Shields
 24431 | Lair:5   | Reached skill level 5 in Shields
 25589 | Lair:5   | Reached skill level 6 in Shields
 26187 | Lair:6   | Entered Level 6 of the Lair of Beasts
 26297 | Lair:5   | Reached skill level 7 in Shields
 26672 | Lair:6   | Found a runed translucent door.
 26673 | Lair:6   | Found a viscous altar of Jiyva.
 27617 | Lair:5   | Reached skill level 8 in Shields
 27850 | Lair:6   | Found a staircase to the Slime Pits.
 28639 | Lair:5   | Reached skill level 9 in Shields
 28963 | Lair:5   | Reached XP level 14. HP: 99/108 MP: 18/21
 30111 | D:2      | Killed Crazy Yiuf
 30433 | D:8      | Killed Harold
 30433 | D:8      | Reached skill level 10 in Shields
 30517 | D:8      | Noticed Pikel
 30525 | D:8      | Killed Pikel
 30835 | D:9      | Killed Amplified's ghost
 31994 | D:12     | Reached skill level 11 in Shields
 32079 | D:13     | Found Xielemuepo's Assorted Antiques.
 32082 | D:13     | Bought a scroll labeled DETOED LOMUF for 34 gold pieces
 32082 | D:13     | Bought a scroll labeled QEDUFO DEULL for 34 gold pieces
 32082 | D:13     | Identified 2 scrolls of acquirement
 32082 | D:13     | Acquired the +12 demon whip "Ikierub" {vamp, +Rage rElec
                  | rN+}
 32095 | D:13     | Found Lemoih's Jewellery Emporium.
 32138 | D:13     | Found Fint's Assorted Antiques.
 32146 | D:13     | Bought a scroll labeled YCKICIAMIY for 25 gold pieces
 32246 | D:13     | Found a gate to the Vaults.
 32346 | D:13     | Found a hide-covered altar of Uskayaw.
 32415 | D:13     | Found Biuqaon's Book Boutique.
 32419 | D:13     | Bought a book of Necromancy for 360 gold pieces
 32424 | D:13     | Learned a level 4 spell: Animate Dead
 32690 | D:13     | Found Udasupp's Food Shop.
 32993 | D:13     | Reached skill level 12 in Shields
 33634 | D:14     | Noticed Jorgrun
 34017 | D:14     | Killed Jorgrun
 34429 | D:14     | Reached skill level 13 in Shields
 34770 | D:14     | Got a smoking brass ring
 34775 | D:14     | Identified the ring of Wynut {*Drain rPois AC+4 Str+4} (You
                  | found it on level 14 of the Dungeon)
 34792 | D:14     | Identified Roxanne's Incunabulum of Clay
 34792 | D:14     | Noticed Roxanne
 34837 | D:14     | Killed Roxanne
 35191 | D:14     | Found a portal to a secret trove of treasure.
 35604 | D:15     | Entered Level 15 of the Dungeon
 35633 | D:15     | Noticed Josephine
 35640 | D:15     | Killed Josephine
 35696 | D:15     | Reached XP level 15. HP: 114/114 MP: 22/22
 36042 | D:15     | Reached skill level 14 in Shields
 36216 | D:15     | Found a staircase to the Depths.
 36623 | D:15     | Acquired a +0 demon whip of electrocution
 37051 | Orc:1    | Entered Level 1 of the Orcish Mines
 37743 | Orc:2    | Entered Level 2 of the Orcish Mines
 37946 | Orc:2    | Found a staircase to the Elven Halls.
 37973 | Orc:2    | Reached skill level 15 in Shields
 38630 | Orc:2    | Found Acheegg's General Store.
 38632 | Orc:2    | Found Lefuong's Assorted Antiques.
 38683 | Orc:2    | Found Waixus's Food Boutique.
 38693 | Orc:2    | Found Itesuh's Book Shoppe.
 38990 | Orc:2    | Noticed an orc warlord
 39010 | Orc:2    | Killed an orc warlord
 39010 | Orc:2    | Reached skill level 10 in Fighting
 39185 | Orc:2    | Bought a glimmering chain mail for 218 gold pieces
 39196 | Orc:2    | Identified the +2 chain mail of Love and Death {Int+6} (You
                  | bought it in a shop on level 2 of the Orcish Mines)
 39370 | D:13     | Bought a book of Burglary for 900 gold pieces
 39373 | D:13     | Learned a level 2 spell: Passwall
 39376 | D:13     | Learned a level 2 spell: Blink
 39381 | D:13     | Learned a level 4 spell: Passage of Golubria
 39522 | Snake:1  | Entered Level 1 of the Snake Pit
 40101 | Snake:1  | Gained mutation: Your movements are less encumbered by
                  | armour. (ER -4) [demonic ancestry]
 40101 | Snake:1  | Reached XP level 16. HP: 120/122 MP: 20/24
 41294 | Snake:2  | Reached skill level 1 in Transmutations
 41478 | Snake:2  | Noticed Kirke
 41494 | Snake:2  | Killed Kirke
 42262 | Snake:3  | Found a transporter.
 42263 | Snake:3  | Found a radiant altar of Vehumet.
 42444 | Snake:3  | Noticed Vashnia
 42671 | Snake:3  | Found Qenwucvo's Weapon Shop.
 42675 | Snake:3  | Found Lufaneori's Antique Weapon Boutique.
 42676 | Snake:3  | Found Givuraxi's Food Shop.
 42911 | Snake:3  | Killed Vashnia
 43000 | Snake:3  | Reached skill level 1 in Translocations
 43323 | Snake:4  | Entered Level 4 of the Snake Pit
 44429 | Snake:4  | Reached XP level 17. HP: 131/131 MP: 18/26
 44431 | Snake:4  | Reached skill level 10 in Armour
 44862 | Snake:4  | Got a serpentine rune of Zot
 45179 | Snake:4  | Reached skill level 5 in Translocations
 45626 | Shoals:1 | Entered Level 1 of the Shoals
 45720 | Shoals:1 | Acquired the +5 eveningstar "Goyten" {vorpal, +Blink MR+
                  | Int+4}
 46582 | Shoals:2 | Found a shimmering altar of Xom.
 47930 | Shoals:2 | Found a sparkling altar of Nemelex Xobeh.
 48297 | Shoals:3 | Noticed Fypruffa's ghost (journeyman MiMo)
 48303 | Shoals:3 | Found a runed translucent gate.
 48303 | Shoals:3 | Found a runed translucent gate.
 48305 | Shoals:3 | Found a runed translucent gate.
 48802 | Shoals:3 | Found Fexkua's Weapon Shoppe.
 49237 | Shoals:4 | Entered Level 4 of the Shoals
 49705 | Shoals:3 | Reached XP level 18. HP: 41/140 MP: 19/27
 50064 | Shoals:3 | Killed Fypruffa's ghost
 50573 | Shoals:4 | Identified Weladiti's Tome of Stolen Souls
 50641 | Shoals:4 | HP: 5/140 [wind drake/the air (11)]
 50642 | Shoals:4 | Collided with a rock wall

Illustrated notes

Levels and vault maps discovered:
D:1:      dpeg_arrival_round_a, layout_basic
D:2:      minmay_spotlight, layout_rooms, fedhas_altar_3, lemuel_crystal_altar,
          kennysheep_path_1, nicolae_gozag_cash_rules_everything_around_me,
          uniq_crazy_yiuf_cottage
D:3:      layout_basic, lemuel_round_altar, minmay_misc_feat_iff,
          serial_bayou_lagoon_a
D:4:      gammafunk_wand_slinger, layout_loops_ring, temple_statues,
          serial_shops, nicolae_shop_statue_plus
D:5:      layout_loops_ring, first_ration, minmay_misc_feat_chi,
          minmay_joined_circles
D:6:      layout_rooms, basic_altar
D:7:      layout_basic, basic_altar, the_bakery
D:8:      layout_loops_corners, grunt_temple_overflow_open, uniq_harold,
          uniq_pikel, uniq_grum
D:9:      layout_gridville, kennysheep_little_box, erik_lair_orcish_takeover,
          ebering_ghost_xom
D:10:     layout_roguey, kennysheep_orc_monster_closet_entryway, tgw_xom,
          uniq_maurice
D:11:     layout_roguey, grunt_ministairs_13
D:12:     layout_rooms
D:13:     layout_irregular_city, david_vaults_1, serial_shops, shop_fountains,
          nicolae_shop_stone, nicolae_shop_stone, shop_fountains, shop,
          kennysheep_small_circle
D:14:     layout_basic, enter_trove_6, lemuel_flamethrower_2, uniq_roxanne,
          uniq_jorgrun
D:15:     grunt_enter_depths_magical_seal, layout_basic, minmay_hedge_maze,
          minivault_14, palyth_stone_intersect, minmay_dual_archer_statues,
          uniq_josephine
Temple:   nicolae_temple_x_marks_the_god
Lair:1:   layout_regular_city, grunt_megastairs_1
Lair:2:   layout_regular_city, minmay_shoals_entry_centaurs,
          minmay_snake_entry_guardpost_small, grunt_megastairs_3
Lair:3:   layout_concentric_octagons, hangedman_lair_generics_rect
Lair:4:   layout_cave_shapes
Lair:5:   layout_loops_ring, uniq_urug
Lair:6:   evilmike_catoblepas_cave, layout_loops_ring, slime_altar_2,
          serial_bayou_shore_b
Shoals:1: cheibrodos_shoals_roost, layout_shoals
Shoals:2: layout_shoals, hangedman_feature_mirror
Shoals:3: layout_shoals, serial_shops, nicolae_shop_statue_plus,
          gammafunk_ghost_split
Shoals:4: shoals_end_simple, layout_shoals
Snake:1:  layout_chambers
Snake:2:  layout_honeycomb, st_stairs_4, uniq_kirke
Snake:3:  gammafunk_sealed_library, layout_cave_town, minmay_shop_star,
          uniq_vashnia
Snake:4:  minmay_snake_end_coiled, layout_cave_town, grunt_ministairs_12
Orc:1:    layout_diamond_mine
Orc:2:    st_orc_open, layout_diamond_mine, minmay_orc_barracks

Skill      XL: |  1  2  3  4  5  6  7  8  9 10 11 12 13 14 15 16 17 |
---------------+----------------------------------------------------+-----
Maces & Flails | 3 4 5 6 7 8 9 10 12 | 12.7
Dodging        | 3 5 |  5.1
Fighting       | 3 4 5 6 7 8 9 10 11 12 | 12.2
Necromancy     | 4 7 8 9 10 11 | 11.0
Spellcasting   | 2 4 5 6 |  6.7
Armour         | 3 5 7 9 11 | 11.8
Earth Magic    | 3 5 6 8 |  8.0
Air Magic      | 3 4 |  4.5
Poison Magic   | 3 4 |  4.8
Shields        | 3 9 13 15 | 15.0
Transmutations | 4 |  4.0
Translocations | 3 7 |  7.0
Throwing       | |  1.7

Action                   |  1- 3 |  4- 6 |  7- 9 | 10-12 | 13-15 | 16-18 || total
-------------------------+-------+-------+-------+-------+-------+-------++-------
Melee: Flail             |   118 |   133 |   362 |   641 |    49 |       ||  1303
       Headbutt          |     6 |    26 |    56 |   147 |   472 |   370 ||  1077
       Mace              |       |       |       |     2 |       |       ||     2
       Whip              |       |       |       |   102 |   755 |       ||   857
       Demon whip        |       |       |       |       |   894 |  1348 ||  2242
       Eveningstar       |       |       |       |       |       |    86 ||    86
Throw: Dart              |       |     1 |    11 |     7 |       |       ||    19
       Throwing net      |       |     1 |       |       |       |       ||     1
       Stone             |       |     4 |       |       |       |       ||     4
       Boomerang         |       |       |       |       |     1 |       ||     1
 Cast: Pain              |       |       |    18 |    86 |       |       ||   104
       Vampiric Draining |       |       |       |    42 |    23 |       ||    65
       Poisonous Vapours |       |       |       |    45 |    58 |     9 ||   112
       Borgnjor's Vile C |       |       |       |       |    16 |     5 ||    21
       Animate Dead      |       |       |       |       |     4 |     8 ||    12
       Apportation       |       |       |       |       |     1 |     3 ||     4
       Blink             |       |       |       |       |       |    10 ||    10
Invok: Brand Weapon With |       |       |       |     1 |       |       ||     1
       Receive Corpses   |       |       |       |       |     8 |     3 ||    11
Evoke: Wand              |       |       |       |     3 |     1 |     1 ||     5
       Phial of floods   |       |       |       |       |     1 |       ||     1
  Use: Scroll            |       |       |     6 |    13 |    11 |    10 ||    40
       Potion            |       |       |       |       |       |     2 ||     2
 Stab: Distracted        |       |       |     2 |     6 |    12 |     7 ||    27
       Sleeping          |       |       |       |       |     5 |       ||     5
  Eat: Chunk             |     1 |     8 |    14 |    45 |    57 |    32 ||   157
       Ration            |       |       |     2 |     1 |     3 |     2 ||     8
Armor: Ring mail         |    52 |    58 |   128 |   290 |   228 |       ||   756
       Leather armour    |     4 |       |       |       |       |       ||     4
       Scale mail        |       |       |       |       |    36 |       ||    36
       Chain mail        |       |       |       |       |    24 |   384 ||   408
Dodge: Dodged            |    91 |   134 |   214 |   474 |   539 |   390 ||  1842
Block: Kite shield       |       |       |       |       |   620 |   737 ||  1357
